 Dungeon Crawl Stone Soup version 0.28.0-53-g5a82cb258f (webtiles) character file.

Game seed: 8061513881364459101

0 melkoren the Chiller (level 1, 0/10 HPs)
             Began as a Deep Elf Ice Elementalist on Aug 4, 2022.
             Slain by a goblin
             ... wielding a +0 dagger
              (3 damage)
             ... on level 1 of the Dungeon.
             The game lasted 00:03:44 (376 turns).

melkoren the Chiller (Deep Elf Ice Elementalist)     Turns: 376, Time: 00:03:45

Health: 0/10       AC:  8    Str:  5    XL:     1   Next: 0%
Magic:  6/6        EV:  6    Int: 19    God:
Gold:   13         SH:  0    Dex: 15    Spells: 5/6 levels left

rFire   . . .      SeeInvis .   (no weapon)
rCold   . . .      Faith    .   (no shield)
rNeg    . . .      Spirit   .   b - +2 scale mail {Will+}
rPois   .          Reflect  .   (no helmet)
rElec   .          Harm     .   (no cloak)
rCorr   .          Rampage  .   (no gloves)
Will    +....                   (no boots)
Stlth   +.........              (no amulet)
HPRegen 0.03/turn               (no ring)
MPRegen 0.10/turn               (no ring)

@: no status effects
A: no striking features
a: no special abilities


You were on level 1 of the Dungeon.
You visited 1 branch of the dungeon, and saw 1 of its levels.

You collected 13 gold pieces.

Inventory:

Armour
 a - a +0 robe
 b - a +2 scale mail of willpower (worn)


   Skills:
 + Level 2.4 Dodging
 + Level 2.4 Stealth
 + Level 3.0 Spellcasting
 + Level 4.3 Ice Magic


You had 5 spell levels left.
You knew the following spells:

 Your Spells              Type           Power      Damage    Failure   Level
a - Freeze                Ice            76%        1d9       54%         1

Your spell library contained the following spells:

 Spells                   Type           Power      Damage    Failure   Level
 Frozen Ramparts          Ice            38%        1d5       89%         3
 Ozocubu's Armour         Ice            19%        N/A       89%         3
 Hailstorm                Conj/Ice       11%        3d5       100%        4


Dungeon Overview and Level Annotations

Branches:
Dungeon (1/15)

Altars:


Message History

b - a +2 scale mail of willpower You start removing your armour.
You continue taking off your +0 robe. x4
You finish taking off your +0 robe.
You start putting on your armour.
You continue putting on your +2 scale mail of willpower. x5
You finish putting on your +2 scale mail of willpower.
You feel strong-willed.
You open the door.
A goblin comes into view. It is wielding a +0 dagger.
Found a gilded ring.
The goblin shouts!
There is an open door here.
A quokka comes into view.
A bat comes into view.
The goblin barely misses you.
You hit the goblin but do no damage. The goblin hits you but does no damage.
You miss the goblin. The goblin hits you with a +0 dagger.
You miss the goblin. The quokka barely misses you.
The goblin barely misses you.
You hit the goblin but do no damage.
The quokka bites you but does no damage.
The goblin hits you but does no damage.
You closely miss the goblin. The quokka barely misses you.
The goblin hits you but does no damage.
The quokka bites you but does no damage.
You closely miss the goblin. The quokka bites you.
The goblin hits you but does no damage.
You barely miss the goblin.
The quokka bites you but does no damage.
The goblin hits you with a +0 dagger.
* * * LOW HITPOINT WARNING * * *
You hit the goblin.
The goblin is heavily wounded.
The quokka bites you but does no damage.
The goblin hits you but does no damage.
You hit the goblin but do no damage.
The goblin is heavily wounded.
The quokka bites you but does no damage.
The goblin hits you with a +0 dagger.
You die...

#.........
#..........
#..........
#..........
###..........
............
#..........
#..r=.....
#.@gb.....
#'######+#
#.....# #.....#
#.....##.
#.....+.. ♣
#.....##.
#.##.....##.###
#.#......##...#


You could see a quokka, a goblin and a bat.

Vanquished Creatures (others)
  2 fungi (D:1)
  6 plants (D:1)
8 creatures vanquished.

Notes
Turn   | Place    | Note
-------+----------+-------------------------------------------
     0 | D:1      | melkoren the Deep Elf Ice Elementalist began the quest for
                  | the Orb.
     0 | D:1      | Reached XP level 1. HP: 10/10 MP: 6/6
   376 | D:1      | Slain by a goblin

Illustrated notes

Levels and vault maps discovered:
D:1:      dpeg_arrival_water_fire, layout_basic,
          chequers_ecumenical_altar_lobes, serial_shops, shop_fountains,
          minmay_misc_feat_enclosed, amcnicky_mini_corridor_feature

Action                   || total
-------------------------++-------
Melee: Unarmed           ||    36
Armor: Scale mail        ||    10
Dodge: Dodged            ||     4
